 Dungeon Crawl Stone Soup version 0.20-b1-14-g8425815 (webtiles) character file.

217 tof the Ruffian (level 5, -4/48 HPs)
             Began as a Troll Transmuter on May 23, 2017.
             Killed from afar by an orc wizard (8 damage)
             ... with a puff of frost
             ... on level 3 of the Dungeon.
             The game lasted 00:09:36 (2219 turns).

tof the Ruffian (Troll Transmuter)                  Turns: 2219, Time: 00:09:37

Health: -4/48      AC:  5    Str: 18    XL:     5   Next: 62%
Magic:  0/7        EV: 10    Int:  9    God:
Gold:   222        SH:  0    Dex: 11    Spells: 5/8 levels left

rFire    . . .     SeeInvis .     - Unarmed
rCold    . . .     Gourm    +   (no shield)
rNeg     + . .     Faith    .   b - +0 robe
rPois    .         Spirit   +   (helmet restricted)
rElec    .         Reflect  .   (no cloak)
rCorr    .         Harm     .   (gloves unavailable)
MR       .....                  (boots unavailable)
Stlth    +.........             e - amulet of guardian spirit
Regen    0.6/turn               x - ring of positive energy
MPRegen  0.1/turn               (no ring)

@: appendage (expiring)
A: unfitting armour, claws 3, talons 3, fast metabolism 3, gourmand,
regeneration 1, shaggy fur 1, tough skin 2
a: End Transformation


You were on level 3 of the Dungeon.
You were very full.
You had grown temporary talons.
You visited 1 branch of the dungeon, and saw 4 of its levels.

You collected 222 gold pieces.

Inventory:

Hand Weapons
 a - a +0 blowgun
Missiles
 s - 52 arrows
 t - 23 poisoned needles
 u - 6 tomahawks (quivered)
Armour
 b - a +0 robe (worn)
Jewellery
 e - an amulet of guardian spirit (around neck)
 x - a ring of positive energy (left claw)
Scrolls
 g - 2 scrolls of fog
 h - a scroll of blinking {unknown}
 l - a scroll of remove curse
 m - a scroll of magic mapping {unknown}
 o - 2 scrolls of identify
Potions
 f - 3 potions of might {unknown}
 i - a potion of brilliance {unknown}
 j - 2 potions of curing {unknown}
 p - a potion of haste {unknown}
 q - 2 potions of lignification {unknown}
 v - a potion of degeneration {unknown}
Books
 c - a book of Changes

   Spells                             Type                      Level
   a - Beastly Appendage              Transmutation                1
   b - Sticks to Snakes               Transmutation                2
   c - Spider Form                    Transmutation/Poison         3
   d - Ice Form                       Ice/Transmutation            4
   e - Blade Hands                    Transmutation                5
Comestibles
 d - 5 bread rations
 k - a meat ration
 n - 2 royal jellies
 r - 2 fruits


   Skills:
 + Level 1.5 Fighting
 + Level 0.5 Throwing
 + Level 2.1 Dodging
 * Level 4.2 Unarmed Combat
 + Level 2.0 Spellcasting
 * Level 2.4 Transmutations


You had 5 spell levels left.
You knew the following spells:

 Your Spells              Type           Power        Failure   Level  Hunger
a - Beastly Appendage     Tmut           #.....       12%         1    ##.....
b - Sticks to Snakes      Tmut           #.......     19%         2    ###....


Dungeon Overview and Level Annotations

Branches:
Dungeon (4/15)
 Temple: D:4-7

Altars:
Fedhas
Kikubaaqudgha
Nemelex Xobeh
Sif Muna
Trog
Uskayaw
Xom
The Shining One


Innate Abilities, Weirdness & Mutations

You are too large for most types of armour.
You have claws for hands.
Your metabolism is lightning-fast.
You like to eat raw meat.
Your natural rate of healing is unusually fast.
You are covered in fur. (AC +1)
You have very tough skin. (AC +2)
You have claws for feet.


Message History

The orc wizard hits you but does no damage.
The orc wizard misses you. The orc wizard closely misses you.
You completely miss the orc wizard. You claw the orc wizard.
The orc wizard is heavily wounded.
The orc wizard is no longer moving quickly.
Something hits you.
The orc wizard gestures at you while chanting.
The puff of frost hits you!
* * * LOW HITPOINT WARNING * * *
The orc wizard closely misses you.
You scratch the orc wizard but do no damage.
Your kick misses the orc wizard.
The orc wizard is heavily wounded.
Something hits you but does no damage. The orc wizard hits you with a dagger.
* * * LOW HITPOINT WARNING * * *
The orc wizard hits you but does no damage.
Something hits you but does no damage.
The orc wizard gestures at you while chanting.
The puff of frost hits you!
You die...

..'.# ##.# #.#.#
..#.# #.###.#.# ..#.#
####).##.#.#
..#.#####........#.#
..#..............#.#
#####............#.#
..........<........#
......#######+#..####
...[..# #...@...#
####### #..{oo#.#
#####.#.# #.#.#
###.#.# #...#.#
#.###.# #.# #.# #.#
#.#


You could see 2 orc wizards.

Vanquished Creatures
  A crimson imp (D:3)
  An orc priest (D:3)
  A worker ant (D:4)
  3 adders (D:3)
  2 oozes
  3 worms
  A dart slug (D:1)
  6 leopard geckos
  5 orcs (D:3)
  A ball python (D:2)
  4 bats
  2 giant cockroaches
  13 goblins
  6 hobgoblins
  3 jackals (D:3)
  4 frilled lizards
  15 kobolds
  7 rats
78 creatures vanquished.

Notes
Turn   | Place    | Note
-------+----------+-------------------------------------------
     0 | D:1      | tof the Troll Transmuter began the quest for the Orb.
     0 | D:1      | Reached XP level 1. HP: 18/18 MP: 1/1
    99 | D:1      | Reached skill level 1 in Fighting
   101 | D:1      | Reached XP level 2. HP: 24/27 MP: 0/3
   293 | D:1      | Learned a level 2 spell: Sticks to Snakes
   613 | D:1      | Reached XP level 3. HP: 33/33 MP: 0/4
  1001 | D:2      | Found a hide-covered altar of Uskayaw.
  1004 | D:2      | Found a shimmering altar of Xom.
  1006 | D:2      | Found a sparkling altar of Nemelex Xobeh.
  1006 | D:2      | Found a glowing golden altar of the Shining One.
  1010 | D:2      | Found an ancient bone altar of Kikubaaqudgha.
  1226 | D:2      | Noticed a moth of wrath
  1229 | D:2      | Found a bloodstained altar of Trog.
  1246 | D:2      | Reached XP level 4. HP: 35/41 MP: 3/5
  1473 | D:3      | Reached skill level 4 in Unarmed Combat
  1473 | D:3      | HP: 2/41 [orc/tomahawk (1)]
  1738 | D:3      | Reached XP level 5. HP: 48/48 MP: 4/6
  2120 | D:3      | Found a deep blue altar of Sif Muna.
  2120 | D:3      | Found a blossoming altar of Fedhas.
  2219 | D:3      | Killed from afar by an orc wizard

Skill      XL: |  1  2  3  4  5 |
---------------+----------------+-----
Fighting       | 1 |  1.5
Transmutations | 2 |  2.4
Unarmed Combat | 4 |  4.2
Dodging        | 2 |  2.1
Spellcasting   | 2 |  2.0
Throwing       | |  0.5

Action                   |  1- 3 |  4- 6 || total
-------------------------+-------+-------++-------
Melee: Unarmed           |   110 |   102 ||   212
       Kick              |    10 |     9 ||    19
       Punch             |     1 |     1 ||     2
       Headbutt          |     4 |     2 ||     6
 Fire: Blowgun           |       |    31 ||    31
 Cast: Beastly Appendage |    27 |    16 ||    43
       Sticks to Snakes  |     1 |       ||     1
  Use: Scroll            |       |     4 ||     4
  Eat: Chunk             |    18 |     8 ||    26
Armor: Robe              |    20 |    41 ||    61
Dodge: Dodged            |    46 |    60 ||   106
